 Dungeon Crawl Stone Soup version 0.26.0-10-g1f06aea511 (webtiles) character file.

Game seed: 12090760324977640165

71253 wakim the Fighter (level 15, -2/101 HPs)
             Began as a Gargoyle Berserker on Jan 17, 2021.
             Was a High Priest of Trog.
             Killed from afar by a wizard (4 damage)
             ... with a stone arrow
             ... on level 13 of the Dungeon.
             The game lasted 01:09:40 (13512 turns).

wakim the Fighter (Gargoyle Berserker)             Turns: 13512, Time: 01:09:41

Health: -2/101     AC: 35    Str: 25    XL:     15   Next: 36%
Magic:  15/15      EV:  9    Int: 14    God:    Trog [*****.]
Gold:   911        SH:  5    Dex:  9    Spells: 14/14 levels left

rFire    + . .     SeeInvis +   K - +5 lajatang (flame)
rCold    + + +     Faith    .   (shield currently unavailable)
rNeg     + . .     Spirit   .   D - +0 plate armour
rPois    ∞         Reflect  +   (helmet restricted)
rElec    +         Harm     .   G - +2 cloak of Izietzori {Int+4}
rCorr    .         Rampage  .   u - +1 pair of gloves
Will     +....     Rnd*Tele +   (no boots)
Stlth    ..........             y - amulet of reflection
HPRegen  0.26/turn              F - ring "Jymus" {+Fly rC+++}
MPRegen  0.14/turn              k - ring of protection from fire

@: berserk cooldown, slowed, very slow
A: antennae 1, big wings, yellow scales 1, see invisible, negative energy
resistance 1, electricity resistance, teleportitis 1, unbreathing, petrification
resistance, miasma immunity, AC +11
a: Fly, Renounce Religion, Berserk, Trog's Hand, Brothers in Arms


You were on level 13 of the Dungeon.
You worshipped Trog.
Trog was extremely pleased with you.
You visited 2 branches of the dungeon, and saw 14 of its levels.
You visited the Abyss 1 time.
You also visited: Ossuary and Gauntlet.

You collected 911 gold pieces.

Inventory:

Hand Weapons
 a - the +10 quarterstaff of Fury {flame, rElec Dex+3}
   (You found it on level 4 of the Dungeon)

   It has been specially enchanted to burn those struck by it, causing extra
   injury to most foes and up to half again as much damage against particularly
   susceptible opponents.
   It affects your dexterity (+3).
   It insulates you from electricity.
 b - a +0 longbow
 q - a cursed +2 morningstar of freezing
 z - a +3 dire flail
 K - a +5 lajatang of flaming (weapon)
Missiles
 t - 303 arrows
Armour
 h - the +5 leather armour "Xolecwog" {rN+ rCorr}
   (You found it on level 5 of the Dungeon)

   It protects you from negative energy.
   It provides partial protection from all sources of acid and corrosion.
 m - a +0 cloak of preservation
 u - a +1 pair of gloves (worn)
 D - a +0 plate armour (worn)
 G - the +2 cloak of Izietzori (worn) {Int+4}
   (You found it in a Gauntlet)

   It affects your intelligence (+4).
Jewellery
 j - an uncursed amulet of guardian spirit
 k - a ring of protection from fire (right hand)
 n - a +4 ring of evasion
 y - an amulet of reflection (around neck)
 A - an uncursed ring of protection from cold
 F - the ring "Jymus" (left hand) {+Fly rC+++}
   (You found it in a Gauntlet)

   [ring of flight]

   It renders you almost immune to cold.
   It lets you fly.
 H - a +4 ring of evasion
Wands
 l - a wand of disintegration (11)
 v - a wand of digging (3)
 x - a wand of iceblast (11)
 I - a wand of acid (10)
Scrolls
 c - 4 scrolls of remove curse
 f - 4 scrolls of fog
 g - 6 scrolls of identify
 i - 4 scrolls of teleportation
 o - 2 scrolls of enchant weapon
 r - 4 scrolls of blinking
 s - 3 scrolls of immolation
 B - a scroll of enchant armour
 C - a scroll of fear
 E - a scroll of summoning
Potions
 d - 2 potions of flight
 e - 5 potions of curing
 p - a potion of berserk rage
 w - 3 potions of might
 J - a potion of cancellation


   Skills:
 * Level 14.4 Fighting
 - Level 5.7(10.6) Maces & Flails
 - Level 13.5(14.0) Staves
 + Level 7.4 Bows
 * Level 13.9 Armour
 + Level 4.9 Dodging


You had 14 spell levels left.
You didn't know any spells.
Your spell library was empty.

Dungeon Overview and Level Annotations

Branches:
Dungeon (13/15)            Temple (1/1) D:7            Lair (0/6) D:10
    Orc (0/2) D:11        Ossuary (visited)         Gauntlet (visited)
 Vaults: D:13-14

Altars:
Gozag
Hepliaklqana
Kikubaaqudgha
Makhleb
Nemelex Xobeh
Okawaru
Sif Muna
Zin
The Shining One

Shops:
D:9 *   D:13 ?


Innate Abilities, Weirdness & Mutations

You are resistant to torment.
Your stone body is resilient. (AC +11)
You are immune to poison.
Your large and strong wings let you fly indefinitely.
You resist negative energy. (rN+)
You are resistant to electric shocks. (rElec)
You can survive without breathing.
You are immune to petrification.
You are immune to miasma.
You have a pair of small antennae on your head.
You are partially covered in yellow scales. (AC +2)
You have supernaturally acute eyesight. (SInv)
You are occasionally teleported next to monsters.


Message History

You closely miss the wizard.
The wizard hits you but does no damage. x2
You hit the wizard. You burn the wizard.
The wizard is lightly wounded.
The wizard hits you but does no damage.
You hit the wizard. You burn the wizard.
The wizard is lightly wounded.
The wizard hits you but does no damage. x2
You slice the wizard!! You burn the wizard.
You kill the wizard!
Trog accepts your kill.
Trog appreciates your killing of a magic user.
The wizard casts a spell at you. The bolt of lightning hits you. You resist.
* * * LOW HITPOINT WARNING * * *
You barely miss the wizard. You block the wizard's attack.
You hit the wizard. You burn the wizard.
The wizard is lightly wounded.
The wizard gestures at you while chanting.
The stone arrow hits you.
You die...

≈≈≈≈≈.≈...........'#
≈≈≈≈)...#'#'#####'#'
≈≈≈≈≈...#.##.###.##
≈≈≈≈....#.#.#.#.#
####....##'#.#'#.#
#....#####'#+####
#....##.#)##.##.##
#....#.#.#+#)#[#.#
#....##.#+ +#@#.#
#'## ##'#p##
#...'#.###.##[))#
#.#+#.#.#[#.#[..#
##.#'#.##(/)#
############


You could see a wizard (invisible).

Vanquished Creatures
  A tentacled starspawn (Abyss:2)
  Kirke (D:13)
  A minotaur (Gauntlet)
  An ettin (D:10)
  Erolcha (D:9)
  Erica (D:8)
  A two-headed ogre (D:9)
  A boulder beetle (D:11)
  A centaur warrior (D:13)
  3 hell hogs (Abyss:2)
  A spatial maelstrom (Abyss:2)
  A flayed ghost (D:10)
  9 wizards (D:13)
  3 large abominations (Abyss:2)
  A mana viper (Abyss:2)
  An ugly thing (D:13)
  6 elephants (Gauntlet)
  A moth of wrath (shapeshifter) (D:13)
  Psyche (D:8)
  A torpor snail (Gauntlet)
  2 minotaur zombies (Gauntlet)
  Maggie (D:10)
  A hellwing (Abyss:2)
  A demonic crawler (D:11)
  An ancient zyme (Abyss:2)
  A freezing wraith (Abyss:2)
  4 trolls
  A meliai (D:10)
  3 raiju (Abyss:2)
  11 flying skulls (Gauntlet)
  Sigmund (D:5)
  2 shadows
  2 wraiths
  18 yaks
  2 vampires
  6 water elementals (D:13)
  Grum (D:8)
  A wyvern (D:9)
  2 hogs (D:13)
  A neqoxec (Abyss:2)
  3 spatial vortices (Abyss:2)
  4 swamp worms
  Duvessa (D:4)
  A water moccasin (shapeshifter) (D:10)
  4 water moccasins
  2 ice beasts
  3 orc warriors
  5 black bears
  3 sky beasts
  7 ogres
  4 phantoms
  2 necrophages
  2 wolves (D:8)
  6 centaurs
  A big kobold (D:10)
  14 bullfrogs
  A small abomination (Abyss:2)
  2 wyvern skeletons
  Dowan (D:4)
  5 scorpions
  11 killer bees
  16 wights
  7 howler monkeys
  2 electric eels
  5 bullfrog zombies
  3 orc priests
  8 starcursed masses (Abyss:2)
  9 hounds
  3 jellies
  An iguana (D:8)
  6 bullfrog skeletons
  9 orc wizards
  9 worker ants
  2 hound zombies
  A worker ant zombie (D:5)
  6 gnolls
  14 adders
  3 shadow imps
  6 white imps
  5 ufetubi
  2 oozes
  3 adder skeletons
  4 adder zombies
  3 worms
  12 leopard geckos
  56 orcs
  6 bats
  4 giant cockroaches
  10 goblins
  11 hobgoblins
  18 kobolds
  3 quokkas
  6 frilled lizards
  A leopard gecko skeleton (D:4)
  9 rats
444 creatures vanquished.

Vanquished Creatures (others)
  3 humans (D:13)
  A sky beast (D:13)
  A kobold (D:10)
  41 fungi (D:10)
  39 plants
  2 starspawn tentacles (Abyss:2)
  2 withered plants (Ossuary)
89 creatures vanquished.

Grand Total: 533 creatures vanquished

Notes
Turn   | Place    | Note
-------+----------+-------------------------------------------
     0 | D:1      | wakim the Gargoyle Berserker began the quest for the Orb.
     0 | D:1      | Reached XP level 1. HP: 14/14 MP: 1/1
   178 | D:1      | Reached XP level 2. HP: 11/19 MP: 2/2
  1160 | D:2      | Reached XP level 3. HP: 23/23 MP: 3/3
  1343 | D:2      | Reached ** piety under Trog
  1511 | D:2      | Reached XP level 4. HP: 29/29 MP: 4/4
  1559 | D:2      | Reached skill level 4 in Fighting
  2444 | D:2      | Reached XP level 5. HP: 33/33 MP: 5/5
  3188 | D:3      | Reached *** piety under Trog
  3662 | D:4      | Found a sand-covered staircase.
  3688 | Ossuary  | Entered an ossuary
  4200 | D:4      | Reached skill level 5 in Maces & Flails
  4200 | D:4      | Reached XP level 6. HP: 39/39 MP: 6/6
  4432 | D:4      | Got a fine quarterstaff
  4679 | D:4      | Noticed a black bear
  4685 | D:4      | Killed a black bear
  4686 | D:4      | Reached skill level 5 in Fighting
  4716 | D:4      | Identified the +10 quarterstaff of Fury {flame, rElec
                  | Dex+3} (You found it on level 4 of the Dungeon)
  4746 | D:4      | Gained mutation: You are occasionally teleported next to
                  | monsters. [potion of mutation]
  4746 | D:4      | Gained mutation: You have supernaturally acute eyesight.
                  | (SInv) [potion of mutation]
  4746 | D:4      | Gained mutation: You are partially covered in yellow
                  | scales. (AC +2) [potion of mutation]
  4746 | D:4      | Gained mutation: You have a pair of small antennae on your
                  | head. [potion of mutation]
  4769 | D:5      | Entered Level 5 of the Dungeon
  4769 | D:5      | Noticed Duvessa
  4769 | D:5      | Noticed Dowan
  4776 | D:4      | Killed Dowan
  4777 | D:4      | Reached XP level 7. HP: 44/44 MP: 7/7
  4780 | D:4      | Killed Duvessa
  4781 | D:4      | Reached skill level 1 in Staves
  4894 | D:5      | Got a jewelled leather armour
  4975 | D:5      | Identified the +5 leather armour "Xolecwog" {rN+ rCorr}
                  | (You found it on level 5 of the Dungeon)
  5027 | D:5      | Noticed Sigmund
  5034 | D:5      | Killed Sigmund
  5035 | D:5      | Reached skill level 5 in Armour
  5035 | D:5      | Reached XP level 8. HP: 51/51 MP: 8/8
  5111 | D:5      | Reached **** piety under Trog
  5205 | D:5      | Reached skill level 6 in Fighting
  5262 | D:5      | Found an ancient bone altar of Kikubaaqudgha.
  5367 | D:5      | Reached skill level 5 in Staves
  5695 | D:6      | Reached XP level 9. HP: 50/56 MP: 9/9
  5722 | D:6      | Noticed a troll
  5728 | D:6      | Killed a troll
  5729 | D:6      | Reached skill level 7 in Fighting
  6715 | D:7      | Reached skill level 1 in Bows
  7126 | D:7      | Reached skill level 8 in Fighting
  7202 | D:7      | Found a staircase to the Ecumenical Temple.
  7246 | Temple   | Entered the Ecumenical Temple
  7487 | D:8      | Noticed Erica
  7502 | D:8      | Killed Erica
  7503 | D:8      | Reached XP level 10. HP: 65/65 MP: 10/10
  7561 | D:8      | Noticed Psyche
  7568 | D:8      | Paralysed by Psyche for 4 turns
  7577 | D:8      | Killed Psyche
  7584 | D:8      | Reached ***** piety under Trog
  7784 | D:8      | Noticed Grum
  7793 | D:8      | Killed Grum
  7794 | D:8      | Reached skill level 9 in Fighting
  8195 | D:9      | Found Bihadgh's General Store.
  8284 | D:9      | Noticed Erolcha
  8295 | D:9      | Killed Erolcha
  8404 | D:9      | Reached XP level 11. HP: 64/72 MP: 11/11
  8451 | D:9      | Reached skill level 10 in Fighting
  8574 | D:9      | Noticed a two-headed ogre
  8580 | D:9      | Killed a two-headed ogre
  8752 | D:10     | Entered Level 10 of the Dungeon
  8880 | D:10     | Reached skill level 10 in Armour
  8909 | D:10     | Found a staircase to the Lair.
  8935 | D:10     | Received a gift from Trog
  9363 | D:10     | Noticed Maggie
  9378 | D:10     | Killed Maggie
  9615 | D:10     | Noticed a flayed ghost
  9617 | D:10     | Noticed an ettin
  9623 | D:10     | Killed an ettin
  9624 | D:10     | Reached skill level 5 in Bows
  9628 | D:10     | Killed a flayed ghost
  9629 | D:10     | Reached skill level 10 in Staves
  9629 | D:10     | Found an opulent altar of Gozag.
  9629 | D:10     | Found a hazy altar of Hepliaklqana.
 10086 | D:11     | Found a sparkling altar of Nemelex Xobeh.
 10129 | D:11     | Noticed a boulder beetle
 10146 | D:11     | Killed a boulder beetle
 10147 | D:11     | Reached skill level 11 in Fighting
 10312 | D:11     | Reached XP level 12. HP: 69/80 MP: 12/12
 10376 | D:11     | Found a staircase to the Orcish Mines.
 10446 | D:11     | Reached ****** piety under Trog
 10579 | D:11     | Received a gift from Trog
 11374 | D:12     | Got an ivory flail
 11375 | D:12     | Identified the cursed +1 flail of the Big Bang {venom,
                  | Dex+3} (You found it on level 12 of the Dungeon)
 11378 | D:12     | Reached skill level 12 in Fighting
 11378 | D:12     | Reached XP level 13. HP: 87/87 MP: 13/13
 11847 | D:13     | Found Ymixt's Magic Scroll Shoppe.
 11850 | D:13     | Noticed Kirke
 11857 | D:13     | Reached skill level 13 in Fighting
 11870 | D:13     | Killed Kirke
 11892 | D:13     | Found a gate leading to a gauntlet.
 11899 | Gauntlet | Entered a Gauntlet
 11899 | Gauntlet | Found a transporter.
 11899 | Gauntlet | Found a transporter.
 11907 | Gauntlet | Found a transporter.
 11911 | Gauntlet | Found a transporter.
 11919 | Gauntlet | Found a transporter.
 11923 | Gauntlet | Found a transporter.
 11931 | Gauntlet | Found a transporter.
 11948 | Gauntlet | Found a transporter.
 11965 | Gauntlet | Found a transporter.
 11966 | Gauntlet | Found a transporter.
 11974 | Gauntlet | Found a transporter.
 11978 | Gauntlet | Found a transporter.
 11979 | Gauntlet | Found a runed translucent door.
 12275 | Gauntlet | Gained mutation: Your large and strong wings let you fly
                  | indefinitely. [Gargoyle growth]
 12275 | Gauntlet | Reached XP level 14. HP: 94/94 MP: 14/14
 12336 | Gauntlet | Got a vibrating golden ring
 12339 | Gauntlet | Got an ancient cloak
 12340 | Gauntlet | Identified the ring "Jymus" {+Fly rC+++} (You found it in a
                  | Gauntlet)
 12353 | Gauntlet | Identified the +2 cloak of Izietzori {Int+4} (You found it
                  | in a Gauntlet)
 12414 | Gauntlet | Identified the Guide on Feathers
 12777 | D:13     | Received a gift from Trog
 13004 | D:13     | Reached XP level 15. HP: 100/100 MP: 15/15
 13028 | D:13     | Cast into level 2 of the Abyss (a wizard)
 13159 | Abyss:2  | Reached skill level 14 in Fighting
 13323 | Abyss:2  | Noticed an ancient lich
 13482 | Abyss:2  | Noticed a tentacled starspawn
 13495 | Abyss:2  | Killed a tentacled starspawn
 13501 | D:13     | Escaped the Abyss
 13510 | D:13     | HP: 2/101 [wizard/bolt of lightning (5)]
 13512 | D:13     | Killed from afar by a wizard

Illustrated notes

Levels and vault maps discovered:
D:1:      tarquinn_simple_flora_water_a, layout_basic
D:2:      layout_basic, serial_forest, infiniplex_forest_lined_room_,
          infiniplex_forest_lined_1, infiniplex_forest_corner_1,
          infiniplex_forest_lined_2, infiniplex_forest_end_2,
          infiniplex_forest_split, infiniplex_forest_straight_5,
          infiniplex_forest_side_room, grunt_decor_resistance,
          grunt_ministairs_14, chequers_garden, chequers_jeans,
          chequers_serial_rivers_small_a
D:3:      layout_rooms, minmay_checkerbox
D:4:      black_bear_nest_2, layout_loops_corners, enter_ossuary_1
D:5:      layout_loops_corners, kiku_gazebo_pond_becter, uniq_duvessa,
          uniq_sigmund
D:6:      layout_basic, kennysheep_generic_room_4
D:7:      layout_cave_pods, minmay_temple_entry_statues_fountains,
          minmay_chambers_of_fives
D:8:      layout_rooms, serial_ice, serial_ice_h, serial_ice_a, serial_ice_n,
          serial_ice_b, uniq_grum, uniq_psyche, uniq_erica
D:9:      layout_irregular_city, serial_shops, shop_statue, uniq_erolcha
D:10:     layout_basic, due_lair_maze_entry_diamond, amethyst_killhole,
          jmf_multi_god_temple, uniq_maggie
D:11:     layout_basic, orc_0_dummy, basic_altar, worms_lemuel
D:12:     layout_long_grid
D:13:     minmay_wizard_corner, layout_basic, gauntlet_entry_generic,
          serial_shops, shop, uniq_kirke
Temple:   compressed_dpeg_triangle_lava_temple

Skill      XL: |  1  2  3  4  5  6  7  8  9 10 11 12 13 14 15 |
---------------+----------------------------------------------+-----
Maces & Flails | 4 5 |  5.7
Armour         | 3 4 5 6 8 9 10 11 12 13 | 13.9
Fighting       | 4 5 6 8 9 11 12 13 14 | 14.4
Staves         | 3 6 7 9 10 11 13 | 13.5
Bows           | 2 4 5 6 7 |  7.4
Dodging        | 2 3 4 |  4.9

Action                   |  1- 3 |  4- 6 |  7- 9 | 10-12 | 13-15 || total
-------------------------+-------+-------+-------+-------+-------++-------
Melee: Mace              |   106 |    56 |       |       |       ||   162
       Flail             |       |    17 |       |       |       ||    17
       Morningstar       |       |   182 |       |       |       ||   182
       Quarterstaff      |       |     5 |   179 |   458 |   261 ||   903
       Unarmed           |       |       |       |       |     1 ||     1
       Lajatang          |       |       |       |       |   166 ||   166
 Fire: Shortbow          |       |       |     7 |     5 |       ||    12
       Longbow           |       |       |       |     6 |     6 ||    12
Invok: Berserk           |     1 |     2 |     4 |     5 |     3 ||    15
       Trog's Hand       |       |       |       |     1 |     6 ||     7
  Use: Scroll            |       |    10 |     3 |     3 |     4 ||    20
       Potion            |       |     4 |     2 |     7 |     2 ||    15
Armor: Animal skin       |    21 |       |       |       |       ||    21
       Ring mail         |    39 |   135 |     9 |       |       ||   183
       Leather armour    |       |       |    71 |   111 |       ||   182
       Plate armour      |       |       |       |   184 |   268 ||   452
       Swamp dragon scal |       |       |       |     3 |       ||     3
Dodge: Dodged            |    80 |   232 |    87 |   207 |   123 ||   729
Block: Other             |       |     3 |    41 |   127 |    72 ||   243
       Reflection        |       |       |     3 |     3 |     2 ||     8
